AoeStats
← carlosmoon12

Black Forest

503495242Analyzed
4v4 RM · 1mo ago on Aug 31, 2026· 67m 58s· 8 players
Game mode
Random Map
Map size
Large (8 player)
Population
200
Speed
Normal
Resources
Standard
Victory
Conquest
Starting age
Dark Age
Ending age
Imperial Age
RankedLock teamsTeams togetherTeam positionsShared explorationLock speedFull tech treeHidden civsTurbo modeCheats
Victory
Defeat
🇨🇴 Goths · Colombia
787
+8
🇦🇷 Franks · Argentina
694
+12
🇦🇷 Spanish · Argentina
662
+13
🇧🇷 Hindustanis · Brazil
519
+20
🇺🇸 Franks · United States
626
-14
🇨🇴 Persians · Colombia
610
-13
🇺🇸 Huns · United States
594
-13
🇧🇷 Khmer · Brazil
576
-12
NewEdge1489
9:59 Loom
12:03 Feudal Age
16:31 Castle Age
17:59 Double-Bit Axe
23:54 Bow Saw
29:13 Husbandry
31:39 Scale Barding Armor
31:44 Forging
35:09 Imperial Age
33:45 Chain Barding Armor
34:01 Iron Casting
34:12 Elite Skirmisher
36:53 Chemistry
35:19 Cavalier
36:38 Plate Barding Armor
37:04 Blast Furnace
36:03 Fletching
36:14 Padded Archer Armor
36:59 Gold Mining
37:00 Stone Mining
41:53 Paladin
BRT Easy
1:43 Loom
11:03 Feudal Age
15:18 Wheelbarrow
14:55 Double-Bit Axe
23:29 Castle Age
21:30 Gold Mining
25:12 Horse Collar
25:47 Bow Saw
27:50 Hand Cart
30:35 Gold Shaft Mining
29:56 Stone Mining
30:25 Caravan
30:56 Coinage
38:52 Imperial Age
36:49 Scale Barding Armor
36:55 Forging
36:46 Scale Mail Armor
36:46 Padded Archer Armor
36:37 Fletching
37:22 Ballistics
37:18 Fervor
42:25 Two-Man Saw
41:28 Heavy Plow
41:39 Marauders
42:00 Conscription
41:04 Elite Tarkan
42:08 Chain Barding Armor
42:24 Iron Casting
42:05 Chain Mail Armor
42:05 Husbandry
42:16 Bloodlines
43:02 Heavy Cavalry Archer
44:09 Parthian Tactics
43:50 Thumb Ring
44:15 Atheism
50:55 Banking
51:46 Plate Barding Armor
52:58 Blast Furnace
51:55 Bodkin Arrow
52:57 Thumb Ring
54:16 Leather Archer Armor
Diego-NA
1:01 Loom
14:51 Feudal Age
20:25 Castle Age
20:05 Double-Bit Axe
22:11 Bow Saw
24:25 Wheelbarrow
23:51 Horse Collar
25:31 Stone Mining
35:30 Imperial Age
35:18 Fortified Wall
34:40 Pikeman
36:42 Conscription
36:32 Husbandry
38:59 Capped Ram
41:45 Chemistry
44:33 Siege Ram
45:27 Gold Mining
46:45 Scale Barding Armor
46:41 Scale Mail Armor
47:00 Elite Skirmisher
50:50 Man-at-Arms
54:14 Caravan
58:39 Halberdier
61:21 Caravan
carlosmoon12
5:43 Loom
11:51 Feudal Age
12:40 Horse Collar
13:05 Double-Bit Axe
21:32 Castle Age
20:40 Stone Mining
22:49 Stone Shaft Mining
23:14 Bow Saw
26:10 Squires
27:48 Kamandaran
27:44 Fletching
28:50 Crossbowman
30:36 Wheelbarrow
30:02 Light Cavalry
32:20 Gold Mining
34:03 Thumb Ring
37:48 Ballistics
40:32 Imperial Age
39:08 Gold Shaft Mining
38:53 Forging
40:00 Hand Cart
40:23 Bloodlines
40:46 Heavy Camel Rider
45:53 Elite War Elephant
48:10 Chemistry
48:37 Town Watch
48:57 Caravan
50:57 Man-at-Arms
51:23 Gambesons
55:32 Hussar
57:25 Heavy Plow
DolphinPizza
1:28 Loom
5:27 Loom
12:15 Feudal Age
12:24 Feudal Age
17:05 Castle Age
15:59 Horse Collar
16:22 Double-Bit Axe
22:15 Bow Saw
31:31 Imperial Age
31:57 Heavy Plow
34:17 Gold Mining
37:17 Anarchy
37:38 Conscription
37:21 Squires
37:21 Stone Mining
40:55 Wheelbarrow
40:52 Perfusion
41:51 Forging
41:41 Scale Mail Armor
41:48 Scale Barding Armor
43:53 Hand Cart
45:07 Ballistics
45:48 Chemistry
44:59 Masonry
44:45 Murder Holes
48:24 Iron Casting
48:05 Chain Mail Armor
47:53 Elite Huskarl
49:48 Architecture
49:09 Heated Shot
55:34 Pikeman
55:59 Halberdier
58:39 Blast Furnace
62:32 Bloodlines
62:51 Onager
65:12 Light Cavalry
65:53 Husbandry
CoWarDly DoG
0:28 Loom
13:40 Feudal Age
14:10 Double-Bit Axe
14:22 Stone Mining
14:25 Gold Mining
18:01 Horse Collar
26:18 Castle Age
27:10 Bow Saw
27:01 Heavy Plow
27:39 Gold Shaft Mining
27:42 Stone Shaft Mining
34:58 Imperial Age
36:58 Chemistry
36:24 Onager
41:38 Heavy Cavalry Archer
42:18 Fletching
42:29 Padded Archer Armor
43:27 Conscription
44:19 Ballistics
44:00 Bodkin Arrow
44:21 Leather Archer Armor
Livakovic
6:54 Loom
13:14 Feudal Age
16:05 Double-Bit Axe
17:24 Gold Mining
21:14 Stone Mining
23:42 Castle Age
25:38 Gold Shaft Mining
25:19 Bow Saw
30:58 Caravan
31:48 Wheelbarrow
32:44 Town Watch
35:22 Hand Cart
35:08 Town Patrol
38:23 Imperial Age
36:20 Masonry
36:30 Ballistics
36:06 Murder Holes
36:22 Fortified Wall
44:21 Fletching
44:42 Forging
44:32 Scale Mail Armor
44:38 Scale Barding Armor
44:34 Padded Archer Armor
45:48 Husbandry
45:10 Cavalier
47:07 Iron Casting
46:28 Bodkin Arrow
46:49 Chain Mail Armor
47:25 Conscription
47:09 Chivalry
48:19 Chemistry
47:46 Paladin
52:14 Chain Barding Armor
52:55 Blast Furnace
57:23 Plate Barding Armor
jpgoicochea6
0:36 Loom
13:47 Feudal Age
23:58 Castle Age
37:39 Imperial Age
35:29 Double-Bit Axe
36:47 Wheelbarrow
39:01 Gold Mining
39:02 Stone Mining
39:23 Bow Saw
38:58 Horse Collar
41:17 Redemption
41:43 Illumination
41:36 Block Printing
45:18 Fortified Wall
45:29 Ballistics
46:09 Chemistry
45:04 Onager
51:44 Scale Barding Armor
51:50 Forging
52:34 Hand Cart
52:05 Town Watch
53:34 Cavalier
54:14 Husbandry
57:36 Two-Man Saw
56:53 Caravan
57:05 Guilds
57:25 Coinage
57:59 Scale Barding Armor
58:04 Forging
61:22 Paladin
Connection lost

Rejoining the realm…

Still unreachable

The connection could not be restored.

Session expired

The server has moved on; the page needs a fresh start.